 Dungeon Crawl Stone Soup version 0.20.0-10-g0535bb4 (webtiles) character file.

252 MTVSty1e the Chopper (level 5, 0/41 HPs)
             Began as a Draconian Gladiator on June 7, 2017.
             Slain by Robin
             ... wielding a +1 short sword of holy wrath
              (1 damage)
             ... on level 2 of the Dungeon.
             The game lasted 00:02:26 (1132 turns).

MTVSty1e the Chopper (Draconian Gladiator)          Turns: 1132, Time: 00:02:27

Health: 0/41       AC:  5    Str: 17    XL:     5   Next: 89%
Magic:  5/5        EV: 13    Int:  8    God:
Gold:   65         SH:  0    Dex: 13    Spells: 4/4 levels left

rFire    . . .     SeeInvis .   e - +2 scythe (vamp)
rCold    . . .     Gourm    .   (shield currently unavailable)
rNeg     . . .     Faith    .   (armour unavailable)
rPois    .         Spirit   .   b - +0 hat
rElec    .         Reflect  .   (no cloak)
rCorr    .         Harm     .   (no gloves)
MR       .....                  (no boots)
Stlth    +.........             (no amulet)
Regen    0.2/turn               (no ring)
MPRegen  0.1/turn               (no ring)

@: no status effects
A: unfitting armour, cold-blooded, AC +5
a: no special abilities


You were on level 2 of the Dungeon.
You were hungry.

You visited 1 branch of the dungeon, and saw 2 of its levels.

You collected 65 gold pieces.

Inventory:

Hand Weapons
 a - a +0 war axe
 e - a +2 vampiric scythe (weapon)
Missiles
 c - 3 throwing nets (quivered)
Armour
 b - a +0 hat (worn)
Scrolls
 f - 2 scrolls of fear {unknown}
 g - 2 scrolls of immolation {unknown}
 i - a scroll of fog {unknown}
 j - 2 scrolls of teleportation {unknown}
 k - 2 scrolls of identify {unknown}
 l - a scroll of remove curse {unknown}
 o - a scroll of enchant weapon {unknown}
Potions
 h - a potion of curing {unknown}
 n - a potion of degeneration {unknown}
Comestibles
 d - 2 bread rations
 m - a royal jelly


   Skills:
 - Level 2.1 Fighting
 - Level 6.6 Axes
 * Level 0.6(4.1) Polearms
 - Level 1.7 Throwing
 - Level 2.6 Dodging


You had 4 spell levels left.
You didn't know any spells.

Dungeon Overview and Level Annotations

Branches:
Dungeon (2/15)

Altars:

Annotations:
D:2 Robin


Innate Abilities, Weirdness & Mutations

Your plain brown scales are hard. (AC +5)
You cannot fit into any form of body armour.
You are cold-blooded and may be slowed by cold attacks.


Message History

The goblin closely misses you. The goblin hits you but does no damage.
Robin barely misses you. The goblin barely misses you.
You barely miss Robin. The goblin misses you. Robin closely misses you.
The goblin hits you but does no damage. x2
Robin roars a battlecry!
The goblin goes into a battle-frenzy!
The goblin closely misses you.
You closely miss Robin. You tail-slap Robin, but do no damage.
The goblin no longer looks unusually strong.
The goblin completely misses you.
Robin zaps a wand.
The puff of flame hits you! The goblin hits you but does no damage.
The goblin barely misses you.
Robin zaps a wand.
The puff of flame hits you!
* * * LOW HITPOINT WARNING * * *
You slash Robin!
Robin is severely wounded.
The goblin hits you with a dagger.
* * * LOW HITPOINT WARNING * * *
The goblin hits you but does no damage.
Robin hits you with a short sword of holy wrath.
You die...

.......b...
..........#.###
..........#
#####..........
.........g# #...)......
..........# #...()..###
#)### #...(.....#
#...## ###.(##.#.#
###..# ####.###....
##g# ##....#####<.
#@####...####....#
#gg......##...##.#
####.........####.#
#####....#.#.#.### #.#
#.....###....#...####.#
#.##### #..#####.......
#########.# #..#
######.# ...(......#
#..# #.. #........###
#..# ##.


You could see Robin and 2 goblins.

Vanquished Creatures
  Sigmund (D:2)
  An adder (D:2)
  An ooze (D:2)
  A worm (D:2)
  4 dart slugs (D:1)
  A leopard gecko (D:1)
  4 bats (D:1)
  4 giant cockroaches
  14 goblins
  10 hobgoblins
  12 kobolds
  2 frilled lizards
  6 rats
61 creatures vanquished.

Notes
Turn   | Place    | Note
-------+----------+-------------------------------------------
     0 | D:1      | MTVSty1e the Draconian Gladiator began the quest for the Orb.
     0 | D:1      | Reached XP level 1. HP: 17/17 MP: 1/1
    79 | D:1      | Reached XP level 2. HP: 21/24 MP: 2/2
   147 | D:1      | Reached skill level 4 in Axes
   225 | D:1      | Reached XP level 3. HP: 24/29 MP: 3/3
   730 | D:2      | Reached XP level 4. HP: 33/36 MP: 4/4
   775 | D:2      | Reached skill level 5 in Axes
   837 | D:2      | Noticed Sigmund
   846 | D:2      | Killed Sigmund
   846 | D:2      | Reached skill level 6 in Axes
   846 | D:2      | Reached XP level 5. HP: 4/41 MP: 5/5
  1106 | D:2      | Noticed Robin
  1132 | D:2      | HP: 1/41 [goblin/dagger[Robin] (5)]
  1132 | D:2      | Slain by Robin

Skill      XL: |  1  2  3  4 |
---------------+-------------+-----
Axes           | 4 6 |  6.6
Fighting       | |  2.1
Polearms       | |  0.6
Throwing       | |  1.7
Dodging        | |  2.6

Action                   |  1- 3 |  4- 6 || total
-------------------------+-------+-------++-------
Melee: War axe           |   105 |    12 ||   117
       Tailslap          |    11 |     4 ||    15
       Scythe            |       |    21 ||    21
  Use: Potion            |       |     1 ||     1
  Eat: Meat ration       |       |     1 ||     1
Armor: Skin              |    35 |    19 ||    54
Dodge: Dodged            |   102 |    50 ||   152
